 Dungeon Crawl Stone Soup version 0.28.0-43-g3370ac3207 (webtiles) character file.

Game seed: 3242372475330380278

2 Faeu the Shield-Bearer (level 1, -1/20 HPs)
             Began as a Minotaur Fighter on Mar 23, 2022.
             Frozen to death by an endoplasm (3 damage)
             ... on level 1 of the Dungeon.
             The game lasted 00:00:23 (60 turns).

Faeu the Shield-Bearer (Minotaur Fighter)             Turns: 60, Time: 00:00:24

Health: -1/20      AC:  7    Str: 20    XL:     1   Next: 33%
Magic:  0/0        EV:  9    Int:  5    God:
Gold:   0          SH:  4    Dex:  9    Spells: 0/0 levels left

rFire   . . .      SeeInvis .   a - +0 long sword {long}
rCold   . . .      Faith    .   c - +0 buckler
rNeg    . . .      Spirit   .   b - +0 scale mail
rPois   .          Reflect  .   (helmet restricted)
rElec   .          Harm     .   (no cloak)
rCorr   .          Rampage  .   (no gloves)
Will    .....                   (no boots)
Stlth   ..........              (no amulet)
HPRegen 0.06/turn               (no ring)
MPRegen 0.07/turn               (no ring)

@: no status effects
A: horns 2, retaliatory headbutt
a: no special abilities


You were on level 1 of the Dungeon.
You visited 1 branch of the dungeon, and saw 1 of its levels.


Innate Abilities, Weirdness & Mutations

You have a pair of horns on your head.
You reflexively headbutt those who attack you in melee.


   Skills:
 + Level 3.7 Fighting
 + Level 2.5 Long Blades
 + Level 3.7 Armour
 + Level 3.7 Shields


You couldn't memorise any spells.
You didn't know any spells.
Your spell library was empty.

Inventory:

Hand Weapons
 a - a +0 long sword (weapon) {long}
Armour
 b - a +0 scale mail (worn)
 c - a +0 buckler (worn)
Scrolls
 e - a scroll of magic mapping {unknown}
Potions
 d - a potion of might

Dungeon Overview and Level Annotations

Branches:
Dungeon (1/15)

Altars:

#.#.###.#.#..' #.#.#
#.#.###' #.#.# ....#
#8 ###########.#.#
#...# ##
............#.# .....
..#####.#####.#.#.#.##
#.# #........ #####.#
#.. #....@# ###
#.###J# #S.......
#.#####.. #.# #.# ...
... #.#


You could see an endoplasm and a ball python.


Message History

The kobold throws a stone.
The stone barely misses you.
A kobold is nearby!
The kobold throws a stone.
The stone hits you but does no damage.
An endoplasm comes into view.
The kobold hits you but does no damage.
There are monsters nearby!
There are monsters nearby!
The endoplasm quivers.
You slash the kobold!
You kill the kobold! 😎 HP[+1]
You now have 20 max hp (+1).
An endoplasm is nearby!
You hit the endoplasm but do no damage. The endoplasm freezes you.
You are frozen. 😕 HP[-2]
You take 2 damage, and now have 18/20 hp.
An endoplasm is nearby!
You hit the endoplasm.
The endoplasm hits you but does no damage. 😕 HP[+1]
An endoplasm is nearby!
You hit the endoplasm.
You kill the endoplasm!
HP restored.
Things that are here:
a +0 whip {mace}; 5 stones {throwing} No target in view! 😎 HP[+1]
e - a scroll labelled INWIFIU ZOTUEJ No target in view!
Key pressed, stopping explore.
No target in view!
A ball python comes into view.
A ball python is nearby!
An endoplasm comes into view.
The endoplasm quivers.
There are monsters nearby!
You closely miss the ball python. The ball python bites you.
The ball python closely misses you. You block the ball python's attack.
The ball python grabs you.
The ball python constricts you. 😕 HP[-3]
You take 3 damage, and now have 17/20 hp.
There are monsters nearby!
You closely miss the ball python. Your headbutt misses the ball python.
The endoplasm hits you but does no damage.
The ball python bites you but does no damage.
The ball python constricts you.
There are monsters nearby!
You barely miss the ball python. The ball python bites you.
The ball python constricts you. The endoplasm freezes you.
You are frozen.
* * * LOW HITPOINT WARNING * * *
The ball python bites you but does no damage.
The ball python constricts you. The endoplasm freezes you.
You are frozen.
* * * LOW HITPOINT WARNING * * *
😨 HP[-9]
You take 9 damage, and now have 8/20 hp.
MASSIVE DAMAGE!! (PAUSE)
There are monsters nearby!
You are too injured to fight recklessly!
There are monsters nearby!
You are too injured to fight recklessly!
There are monsters nearby!
You are too injured to fight recklessly!
There are monsters nearby!
You are too injured to fight recklessly!
There are monsters nearby!
You are too injured to fight recklessly!
There are monsters nearby!
You are too injured to fight recklessly!
There are monsters nearby!
You are too injured to fight recklessly!
There are monsters nearby!
You are too injured to fight recklessly!
There are monsters nearby!
You are too injured to fight recklessly!
There are monsters nearby!
You are too injured to fight recklessly!
There are monsters nearby!
You are too injured to fight recklessly!
You escape the ball python's grasp.
You hit the endoplasm. You headbutt the endoplasm.
You block the endoplasm's attack.
You hit the endoplasm. The endoplasm freezes you.
You are frozen.
* * * LOW HITPOINT WARNING * * *
😱 HP[-4]
You take 4 damage, and now have 4/20 hp.
You barely miss the endoplasm. The endoplasm hits you.
* * * LOW HITPOINT WARNING * * *
The endoplasm freezes you.
You are frozen.
You die...

Action                   || total
-------------------------++-------
Melee: Long sword        ||    10
       Headbutt          ||     1
Armor: Scale mail        ||     6
Dodge: Dodged            ||     2
Block: Buckler           ||     2

Levels and vault maps discovered:
D:1:      saegor_arrival_simple_c, layout_basic, minmay_misc_feat_plants

Notes
Turn   | Place    | Note
-------+----------+-------------------------------------------
     0 | D:1      | Faeu the Minotaur Fighter began the quest for the Orb.
     0 | D:1      | Reached XP level 1. HP: 19/19 MP: 0/0
     0 | D:1      | magus.rc [v1.9.6]
    59 | D:1      | HP: 4/20 [frozen (4)]
    60 | D:1      | Frozen to death by an endoplasm

Vanquished Creatures
  An endoplasm (D:1)
  A kobold (D:1)
2 creatures vanquished.

Table legend:
 A = Non-vault XP
 B = Vault XP
 C = Vault XP percentage of total XP
 D = Non-vault monster count
 E = Vault monster count
 F = Vault count percentage of total count
                 A         B        C        D         E       F
            +---------+---------+-------+---------+---------+-------
      Total |       4 |       0 |   0.0 |       2 |       0 |   0.0
            +---------+---------+-------+---------+---------+-------
        D:1 |       4 |       0 |   0.0 |       2 |       0 |   0.0
            +---------+---------+-------+---------+---------+-------

Illustrated notes

Table legend:
 A = Kills in this place as a percentage of kills in entire the game.
 B = Kills by you in this place as a percentage of kills by you in the entire game.
 C = Kills by friends in this place as a percentage of kills by friends in the entire game.
 D = Other kills in this place as a percentage of other kills in the entire game.
 E = Experience gained in this place as a percentage of experience gained in the entire game.
 F = Experience gained in this place divided by the number of levels of this place that you have seen.
                   A       B       C       D       E      F
               +-------+-------+-------+-------+-------+----------------------
         Total | 100.0 | 100.0 |   N/A |   N/A | 100.0 |   4.0
       Dungeon | 100.0 | 100.0 |   N/A |   N/A | 100.0 |   4.0
               +-------+-------+-------+-------+-------+----------------------

Table legend: (Time is in decaauts)
 A = Elapsed time spent in this place.
 B = Non-inter-level travel time spent in this place.
 C = Inter-level travel time spent in this place.
 D = Time resting spent in this place.
 E = Time spent auto-exploring this place.
 F = Levels seen in this place.
 G = Mean time per level.
                   A        B        C        D        E       F      G
               +--------+--------+--------+--------+--------+-----+--------+
         Total |     62 |     62 |      0 |      0 |     41 |   1 |   62.0 |
       Dungeon |     62 |     62 |      0 |      0 |     41 |   1 |   62.0 |
               +--------+--------+--------+--------+--------+-----+--------+

Top non-repeatable levels by time:
     D:1: 62 daAuts
